 Dungeon Crawl Stone Soup version 0.31-a0-995-g04711c9635 (webtiles) character file.

Game seed: 11958606739645449791

168 Gladio the Cudgeller (level 5, 0/50 HPs)
             Began as a Naga Fighter on Nov 6, 2023.
             Was an Initiate of Gozag.
             Slain by Crazy Yiuf
             ... wielding a +4 quarterstaff of chaos
              (4 damage)
             ... on level 3 of the Dungeon.
             The game lasted 00:03:58 (2333 turns).

Gladio the Cudgeller (Naga Fighter)                 Turns: 2333, Time: 00:04:03

Health: 0/50       AC:  8    Str: 20    XL:     5   Next: 48%
Magic:  5/5        EV:  4    Int:  9    God:    Gozag
Gold:   267        SH:  9    Dex: 16    Spells: 4/4 levels left

rFire   . . .        a - +0 flail
rCold   . . .        f - +0 kite shield
rNeg    . . .        y - +0 chain mail
rPois   +            g - +1 helmet
rElec   .            (no cloak)
rCorr   .            (no gloves)
SInv    +            (no barding)
Will    .....        (no amulet) Stlth
                     h - +6 ring of dexterity
HPRegen 0.28/turn    (no ring)
MPRegen 0.09/turn

%: no passive effects
@: very slow
A: AC +1, large, see invisible, deformed body, poison resistance, slowness 2,
spit poison 1, naga tail 1
a: Spit Poison, Renounce Religion, Potion Petition, Call Merchant, Bribe Branch


You were on level 3 of the Dungeon.
You worshipped Gozag.
Gozag was aware of your devotion.
You visited 1 branch of the dungeon, and saw 3 of its levels.

You collected 267 gold pieces.

Inventory:

Hand Weapons
 a - a +0 flail (weapon)
Missiles
 i - 3 javelins
Armour
 b - a +0 scale mail
 c - a +0 buckler
 f - a +0 kite shield (worn)
 g - a +1 helmet (worn)
 y - a +0 chain mail (worn)
Jewellery
 h - a +6 ring of dexterity (left hand)
 o - a ring of fire
 p - an amulet of the acrobat
 r - an amulet of faith
Scrolls
 d - a scroll of poison {unknown}
 e - a scroll of fear {unknown}
 l - a scroll of identify {unknown}
 s - a scroll of amnesia {unknown}
 t - 3 scrolls of teleportation {unknown}
 v - a scroll of enchant weapon {unknown}
 w - a scroll of immolation {unknown}
 x - 2 scrolls of vulnerability {unknown}
Potions
 j - a potion of degeneration {unknown}
 k - 2 potions of heal wounds {unknown}
 m - a potion of lignification {unknown}
 n - a potion of resistance {unknown}
 q - a potion of magic {unknown}
 u - a potion of brilliance {unknown}


   Skills:
 + Level 3.9 Fighting
 * Level 4.2 Maces & Flails
 - Level 2.4 Armour
 + Level 3.4 Shields


You had 4 spell levels left.
You didn't know any spells.
Your spell library contained the following spells:

 Spells                   Type           Power      Damage    Failure   Level
 Sandblast                Erth           0%         2d4       100%        1
 Passwall                 Tmut/Erth      0%         N/A       100%        2
 Stone Arrow              Conj/Erth      0%         3d7       100%        3
 Brom's Barrelling Bould  Conj/Erth      0%         2d3       100%        4


Dungeon Overview and Level Annotations

Branches:
Dungeon (3/15)

Altars:
Gozag

Annotations:
D:3 Crazy Yiuf


Innate Abilities, Weirdness & Mutations

Your serpentine skin is tough. (AC +1)
You have supernaturally acute eyesight. (SInv)
Armour fits poorly on your strangely shaped body.
Your system is resistant to poisons. (rPois)
You cover ground very slowly.
You can spit poison.
You have a snake-like lower body.


Message History

You fail to use your ability.
Crazy Yiuf hits you with a +4 quarterstaff of chaos.
The splash of poison hits Crazy Yiuf.
Crazy Yiuf is lightly wounded.
Crazy Yiuf yells, "Adder!"
Crazy Yiuf hits you with a +4 quarterstaff of chaos!
Crazy Yiuf burns you.
Unknown command.
You hit Crazy Yiuf but do no damage.
Crazy Yiuf is lightly wounded.
You block Crazy Yiuf's attack.
You sock Crazy Yiuf!
Crazy Yiuf is heavily wounded.
Crazy Yiuf flaps his cloak.
Crazy Yiuf barely misses you. You block Crazy Yiuf's attack.
You hit Crazy Yiuf.
Crazy Yiuf is severely wounded.
Crazy Yiuf hits you with a +4 quarterstaff of chaos!
You closely miss Crazy Yiuf.
Crazy Yiuf is severely wounded.
You have got your breath back.
You block Crazy Yiuf's attack.
You barely miss Crazy Yiuf.
Crazy Yiuf is severely wounded.
Crazy Yiuf yells, "Shadow!"
Crazy Yiuf hits you with a +4 quarterstaff of chaos.
Crazy Yiuf freezes you.
Crazy Yiuf hits you with a +4 quarterstaff of chaos.
Crazy Yiuf freezes you.
* * * LOW HITPOINT WARNING * * *
You hit Crazy Yiuf but do no damage.
Crazy Yiuf is severely wounded.
Crazy Yiuf barely misses you.
You hit Crazy Yiuf.
Crazy Yiuf is severely wounded.
Crazy Yiuf hits you with a +4 quarterstaff of chaos!
* * * LOW HITPOINT WARNING * * *
Crazy Yiuf burns you.
You die...
Your body crumbles into a pile of gold.

#.#####.#.#
#.......##
#.<.....#.#
#.####...##
#########.#
#......#..# ###
########..# #####
##.# ##...##♣♣♣♣♣
#.# #####
##......P)♣)♣♣♣ ###
#.# #....
#.......P.)♣))♣#)))#
#.# #.###
#........P♣♣♣♣@g)).#
##.###.###
#.......P♣♣ ♣♣#)))#
#...##[...
##....##♣♣ ###
#......... ##...#
#...##.### ##.##
##.##### #.#
########.#### #.#
#........)..#### #.#
####.#.#..>..... #.#
#.#.#.##.####


You could see Crazy Yiuf.

Vanquished Creatures
  A scorpion (D:3)
  An orc priest (D:3)
  4 worms (D:3)
  3 dart slugs
  3 orcs (D:3)
  3 endoplasms (D:1)
  4 giant cockroaches
  2 goblins (D:2)
  5 hobgoblins
  6 kobolds
  5 quokkas
  8 ball pythons
  5 bats
  11 frilled lizards
  2 rats
63 creatures vanquished.

Notes
Turn   | Place    | Note
-------+----------+-------------------------------------------
     0 | D:1      | Gladio the Naga Fighter began the quest for the Orb.
     0 | D:1      | Reached XP level 1. HP: 21/21 MP: 1/1
     2 | D:1      | Noticed a tengu
     2 | D:1      | Noticed a merfolk
     4 | D:1      | Noticed a vine stalker
     6 | D:1      | Noticed an ogre
     6 | D:1      | Noticed an octopode
     8 | D:1      | Noticed a formicid
     8 | D:1      | Noticed a troll
    10 | D:1      | Noticed a human
    12 | D:1      | Noticed a vampire
    12 | D:1      | Noticed a demigod
    14 | D:1      | Noticed an elf
    16 | D:1      | Noticed a naga
    16 | D:1      | Noticed a ghoul
    18 | D:1      | Noticed a meteoran
    18 | D:1      | Noticed a felid
    20 | D:1      | Noticed a spriggan
    20 | D:1      | Noticed a draconian
    22 | D:1      | Noticed a minotaur
    22 | D:1      | Noticed an armataur
    24 | D:1      | Noticed a demonspawn
    24 | D:1      | Noticed a demonspawn
    26 | D:1      | Noticed a human
   241 | D:1      | Reached XP level 2. HP: 22/28 MP: 2/2
   825 | D:2      | Reached XP level 3. HP: 34/34 MP: 3/3
   920 | D:2      | Reached skill level 3 in Maces & Flails
  1322 | D:2      | Found a faded altar of an unknown god.
  1358 | D:2      | Prayed at the altar of an unknown god.
  1358 | D:2      | Became a worshipper of Gozag Ym Sagoz the Greedy
  1636 | D:3      | Reached XP level 4. HP: 42/42 MP: 4/4
  1651 | D:3      | Noticed a scorpion
  1656 | D:3      | Killed a scorpion
  1657 | D:3      | Reached XP level 5. HP: 45/50 MP: 5/5
  2109 | D:3      | Reached skill level 4 in Maces & Flails
  2320 | D:3      | Found a runed translucent door.
  2321 | D:3      | Noticed Crazy Yiuf
  2333 | D:3      | Slain by Crazy Yiuf

Illustrated notes

Levels and vault maps discovered:
D:1:      kb_arrival_jail, layout_rooms
D:2:      layout_loops_ring, dreamdust_ecumenical_altar_hidden_monk_grotto,
          amcnicky_mini_corridor_feature, minmay_lizard_pond
D:3:      layout_loops_ring, nicolae_wormholes, uniq_crazy_yiuf_cottage

Skill      XL: |  1  2  3  4  5 |
---------------+----------------+-----
Maces & Flails | 3 4 |  4.2
Shields        | 3 |  3.4
Fighting       | |  3.9
Armour         | |  2.4

Action                     |  1- 3 |  4- 6 || total
---------------------------+-------+-------++-------
  Melee: Flail             |   102 |    50 ||   152
Ability: Spit Poison       |    25 |    11 ||    36
    Use: Potion            |       |     1 ||     1
 Armour: Scale mail        |    87 |     5 ||    92
         Chain mail        |       |    20 ||    20
  Dodge: Dodged            |    28 |     7 ||    35
  Block: Buckler           |     7 |       ||     7
         Kite shield       |    42 |    12 ||    54

Table legend: (Time is in decaauts)
 A = Elapsed time spent in this place.
 B = Non-inter-level travel time spent in this place.
 C = Inter-level travel time spent in this place.
 D = Time resting spent in this place.
 E = Time spent auto-exploring this place.
 F = Levels seen in this place.
 G = Mean time per level.
                   A        B        C        D        E       F      G
               +--------+--------+--------+--------+--------+-----+--------+
         Total |   3064 |   2868 |    196 |      0 |   2369 |   3 | 1021.3 |
       Dungeon |   3064 |   2868 |    196 |      0 |   2369 |   3 | 1021.3 |
               +--------+--------+--------+--------+--------+-----+--------+

Top non-repeatable levels by time:
     D:3: 1137 daAuts
     D:1: 1016 daAuts
     D:2: 911 daAuts
